 Dungeon Crawl Stone Soup version 0.22-a0-266-g5fdf0d7 (webtiles) character file.

80 grindst0ne the Sneak (level 4, -3/27 HPs)
             Began as an Octopode Wizard on Mar 8, 2018.
             Slain by a gnoll
             ... wielding a +0 club
              (11 damage)
             ... on level 2 of the Dungeon.
             The game lasted 00:06:49 (2694 turns).

grindst0ne the Sneak (Octopode Wizard)              Turns: 2694, Time: 00:06:50

Health: -3/27      AC:  1    Str:  6    XL:     4   Next: 39%
Magic:  7/9        EV: 13    Int: 20    God:
Gold:   106        SH:  0    Dex: 11    Spells: 5/10 levels left

rFire    . . .     SeeInvis .   g - +1 short sword (venom)
rCold    . . .     Gourm    .   (no shield)
rNeg     . . .     Faith    .   a - +0 hat
rPois    .         Spirit   .   (no amulet)
rElec    .         Reflect  .   (no ring)
rCorr    .         Harm     .   (no ring)
MR       .....                  (no ring)
Stlth    +++.......             (no ring)
HPRegen  0.09/turn              (no ring)
MPRegen  0.11/turn              (no ring)
                                (no ring)
                                (no ring)

@: no status effects
A: almost no armour, stealthy swim, amphibious, 8 rings, constrict 8, camouflage
1, gelatinous body 1
a: no special abilities


You were on level 2 of the Dungeon.
You were not hungry.

You visited 1 branch of the dungeon, and saw 2 of its levels.

You collected 106 gold pieces.

Inventory:

Hand Weapons
 g - a +1 short sword of venom (weapon)
Missiles
 h - 6 tomahawks (quivered)
Armour
 a - a +0 hat (worn)
Scrolls
 b - a scroll of remove curse {unknown}
 d - a scroll of amnesia {unknown}
 f - 2 scrolls of fear {unknown}
 i - a scroll of noise {unknown}
 j - 2 scrolls of enchant weapon {unknown}
Potions
 e - a potion of mutation {unknown}
 k - a potion of brilliance {unknown}
Comestibles
 c - 5 rations


   Skills:
 + Level 2.7 Dodging
 + Level 4.0 Stealth
 + Level 3.5 Spellcasting
 - Level 1.2 Conjurations
 + Level 1.9 Summonings
 - Level 1.0 Translocations


You had 5 spell levels left.
You knew the following spells:

 Your Spells              Type           Power        Failure   Level  Hunger
a - Magic Dart            Conj           #...         9%          1    None
b - Call Imp              Summ           ##......     9%          2    ##.....
c - Blink                 Tloc           N/A          14%         2    ##.....


Dungeon Overview and Level Annotations

Branches:
Dungeon (2/15)

Altars:


Innate Abilities, Weirdness & Mutations

You cannot wear most types of armour.
You are very stealthy in the water. (Stealth+)
You are amphibious.
You can wear up to eight rings at the same time.
You can use your tentacles to constrict eight enemies at once.
Your skin changes colour to match your surroundings (Stealth+).
Your rubbery body absorbs attacks. (AC +1, EV +1)


Message History

You are very lightly contaminated with residual magic.
Nothing appears to happen.
Casting: Magic Dart (safe; 9% risk of failure)
Confirm with . or Enter, or press ? or * to list all spells.
You blink.
Casting: Blink (safe; 14% risk of failure)
Confirm with . or Enter, or press ? or * to list all spells.
Okay, then.
The gnoll misses you.
You aren't carrying any items that you can evoke.
Okay, then.
You see here a gnoll corpse.
Things that are here:
a spear; a gnoll corpse Your magical contamination has completely faded away.
Things that are here:
a spear; a gnoll corpse You see here a gnoll corpse.
The gnoll hits you with a club!
You die...

....)†.............##.# #.###
....#####.#.#.####.##.# #.###
...## #..#..# #.##.#######....
..## ##.###.## #.##........####
'## #.## ##.# #.#...#####.## #
..## ##.###..# #............###
...## ##.#.#.# #.......###..##.
....# ##..##.###............#..
.....####.....#.@g.#.......##....
.....+.......###.................
.....##.....## ##.###......##....
....###.##.## ##.##......##.#..
...## #. ##.## ##.###.........##.
..## # #..###.## #####.#######
+## .###.#.#.## #.# # #.........#
#.# #####.##### #.#


You could see a gnoll.

Vanquished Creatures
  A gnoll (D:2)
  An adder (D:2)
  An ooze (D:2)
  5 dart slugs
  3 leopard geckos
  A giant cockroach (D:2)
  3 goblins
  3 hobgoblins
  4 bats (D:1)
  2 frilled lizards
  7 kobolds
  5 rats
36 creatures vanquished.

Vanquished Creatures (collateral kills)
  2 gnolls (D:2)
2 creatures vanquished.

Grand Total: 38 creatures vanquished

Notes
Turn   | Place    | Note
-------+----------+-------------------------------------------
     0 | D:1      | grindst0ne the Octopode Wizard began the quest for the Orb.
     0 | D:1      | Reached XP level 1. HP: 11/11 MP: 4/4
   382 | D:1      | Reached skill level 3 in Stealth
   382 | D:1      | Reached XP level 2. HP: 17/17 MP: 1/6
   413 | D:1      | Learned a level 2 spell: Call Imp
  1306 | D:1      | Reached XP level 3. HP: 17/21 MP: 1/7
  2059 | D:2      | Learned a level 2 spell: Blink
  2328 | D:2      | Reached XP level 4. HP: 12/27 MP: 3/9
  2615 | D:2      | Reached skill level 4 in Stealth
  2620 | D:2      | HP: 1/27 [gnoll/club (11)]
  2694 | D:2      | Slain by a gnoll

Vault maps used:
D:1:      denvon_arrival_hothouse
D:2:      grunt_temple_overflow_open, uniq_sigmund

Skill      XL: |  1  2  3  4 |
---------------+-------------+-----
Stealth        | 3 4 |  4.0
Dodging        | |  2.7
Spellcasting   | |  3.5
Conjurations   | |  1.2
Summonings     | |  1.9
Translocations | |  1.0

Action                   |  1- 3 |  4- 6 || total
-------------------------+-------+-------++-------
Melee: Unarmed           |    66 |       ||    66
       Constrict         |    12 |     1 ||    13
       Tentacles         |     4 |     1 ||     5
       Short sword       |       |     4 ||     4
 Cast: Magic Dart        |    67 |     7 ||    74
       Blink             |       |     2 ||     2
       Call Imp          |       |     1 ||     1
 Stab: Sleeping          |     1 |     1 ||     2
  Eat: Chunk             |     4 |     1 ||     5
Armor: Skin              |     3 |       ||     3
Dodge: Dodged            |    48 |     8 ||    56

Table legend:
 A = Spawn XP
 B = Non-spawn XP
 C = Spawn XP percentage of total XP
 D = Spawn monster count
 E = Non-spawn monster count
 F = Spawn count percentage of total count
 G = Total turns spent on level
                    A         B        C        D         E        F      G
               +---------+---------+-------+---------+---------+-------+---------
         Total |       0 |     115 |   0.0 |       0 |      38 |   0.0 |  2694
               +---------+---------+-------+---------+---------+-------+---------
           D:1 |       0 |      38 |   0.0 |       0 |      20 |   0.0 |  1534
           D:2 |       0 |      77 |   0.0 |       0 |      18 |   0.0 |  1160
               +---------+---------+-------+---------+---------+-------+---------
